 Dungeon Crawl Stone Soup version 0.15-a0-77-g44c3f01 (webtiles) character file.

115 4tharraofdagon the Skirmisher (level 4, -5/29 HPs)
             Began as a Gargoyle Fighter on Apr 7, 2014.
             Slain by an ogre
             ... wielding a +0,+0 giant spiked club
              (18 damage)
             ... on Level 4 of the Dungeon.
             The game lasted 00:03:53 (564 turns).

4tharraofdagon the Skirmisher (Gargoyle Fighter)     Turns: 564, Time: 00:03:53

HP  -5/29        AC 16     Str 19      XL: 4   Next: 24%
MP   4/4         EV  9     Int 10      God:
Gold 44          SH 19     Dex 14      Spells:  0 memorised,  3 levels left

rFire  . . .     SeeInvis .     a - +0 war axe
rCold  . . .     Clarity  .     e - +2 chain mail
rNeg   + . .     Conserve .     c - +0 shield
rPois  +         rCorr    .     i - +0 helmet
rElec  +         rRot     +     (no cloak)
SustAb . .       Spirit   .     (no gloves)
rMut   .         Warding  .     (no boots)
Saprov . . .     Stasis   .     (no amulet)
MR     .....                    (no ring)
                                (no ring)

@: agile, not resistant to hostile enchantments, extremely unstealthy
A: life protection 1, electricity resistance, unbreathing, petrification
resistance, AC +3
a: no special abilities


You were on level 4 of the Dungeon.
You were not hungry.

You visited 1 branch of the dungeon, and saw 4 of its levels.

You collected 44 gold pieces.

Inventory:

Hand weapons
 a - a +0,+0 war axe (weapon)
Missiles
 k - 11 darts (quivered)
Armour
 b - a +0 scale mail
 c - a +0 shield (worn)
 e - a +2 chain mail (worn)
 i - a +0 helmet (worn)
Magical devices
 o - a wand of paralysis (9)
 s - a wand of magic darts (16)
Comestibles
 d - 2 bread rations
 h - a meat ration
 m - an apple
Scrolls
 f - 2 scrolls of identify
 g - a scroll of blinking {unknown}
 j - a scroll of random uselessness {unknown}
 l - a scroll of noise {unknown}
 p - a scroll of recharging {unknown}
Potions
 n - 2 potions of magic
 q - a potion of lignification


   Skills:
 + Level 4.1 Fighting
 * Level 3.0 Axes
 + Level 3.8 Armour
 - Level 3.2 Shields


You had 3 spell levels left.
You didn't know any spells.

Dungeon Overview and Level Annotations

Branches:
Dungeon (4/15)
 Temple: D:4-7

Altars:
Elyvilon
Fedhas

Annotations:
D:4 Pikel


Innate Abilities, Weirdness & Mutations

You are resistant to torment.
You are immune to poison.
You are immune to rotting.
Your stone body is very resilient (AC +3).
You resist negative energy.
You are resistant to electric shocks.
You can survive without breathing.
You are immune to petrification.


Message History

The orc wizard casts a spell.
The orc wizard seems to speed up.
There is a stone staircase leading down here.
You climb downwards.
You hear the sound of rushing water.
There is an entrance to a sewer on this level.
Hurry and find it before the portal rusts away!
Level annotation: Pikel A hobgoblin, a kobold, an ogre and 3 slaves come into view.
The slave shouts! x2
The ogre shouts!
The kobold shouts!
The hobgoblin shouts!
You block the ogre's attack.
Found a slimy brown potion.
There is a stone staircase leading up here.
Unknown command.
Drink which item? (? for menu, Esc to quit)
You feel agile all of a sudden. You block the slave's attack.
The ogre hits you with a giant spiked club!
Ouch! That really hurt!
You die...

#...<.........
#.......#.....
#(......#.....
#.............
#...@..###...####
####.#.##.......####
#...##...........
###@K.....O..#
#.K@..@@...#
#..g....!..#
##.........#
#.........#
###########


You could see Pikel, an ogre, 3 slaves, a hobgoblin and a kobold.

Vanquished Creatures
  An orc priest (D:3)
  2 adders (D:3)
  A giant gecko (D:2)
  5 orcs (D:3)
  3 hobgoblins
  2 bats
  A giant newt (D:4)
  4 kobolds
  4 rats (D:2)
23 creatures vanquished.

Notes
Turn   | Place    | Note
--------------------------------------------------------------
     0 | D:1      | 4tharraofdagon, the Gargoyle Fighter, began the quest for the Orb.
     0 | D:1      | Reached XP level 1. HP: 14/14 MP: 1/1
   179 | D:3      | Noticed an orc priest
   191 | D:3      | Reached XP level 2. HP: 5/19 MP: 2/2
   219 | D:3      | Killed an orc priest
   219 | D:3      | Reached XP level 3. HP: 8/24 MP: 3/3
   235 | D:2      | Found a white marble altar of Elyvilon.
   262 | D:2      | Found a blossoming altar of Fedhas.
   427 | D:3      | Reached skill level 4 in Fighting
   427 | D:3      | Reached XP level 4. HP: 10/29 MP: 4/4
   507 | D:3      | Noticed an orc wizard
   543 | D:4      | Noticed Pikel
   543 | D:4      | Noticed a slave
   563 | D:4      | Noticed a slave
   563 | D:4      | Noticed a slave
   563 | D:4      | Noticed a slave
   563 | D:4      | Noticed an ogre
   564 | D:4      | Slain by an ogre

Action                   |  1- 3 |  4- 6 || total
-------------------------+-------+-------++-------
Melee: War axe           |    56 |    20 ||    76
Evoke: Wand              |       |     1 ||     1
  Use: Potion            |     2 |     1 ||     3
       Scroll            |     1 |     2 ||     3
